 Dungeon Crawl Stone Soup version 0.25-a0-610-gd0df705f03 (webtiles) character file.

Game seed: 12829458713586160847, levelgen mode: deterministic

383 ipx the Chopper (level 6, -4/37 HPs)
             Began as a Gargoyle Fighter on Mar 16, 2020.
             Was a Follower of Fedhas.
             Killed by divine providence
             ... invoked by an orc priest
              (7 damage)
             ... on level 6 of the Dungeon.
             The game lasted 00:15:26 (1221 turns).

ipx the Chopper (Gargoyle Fighter)                  Turns: 1221, Time: 00:15:26

Health: -4/37      AC: 16    Str: 21    XL:     6   Next: 76%
Magic:  7/7        EV:  5    Int:  8    God:    Fedhas [*.....]
Gold:   144        SH:  9    Dex: 10    Spells: 1/5 levels left

rFire    . . .     SeeInvis .   t - +0 broad axe
rCold    . . .     Gourm    .   c - +0 kite shield
rNeg     + . .     Faith    .   s - +0 chain mail
rPois    ∞         Spirit   .   (no helmet)
rElec    +         Reflect  .   (no cloak)
rCorr    .         Harm     .   r - +2 pair of gloves
MR       .....                  (no boots)
Stlth    ..........             (no amulet)
HPRegen  0.12/turn              (no ring)
MPRegen  0.10/turn              (no ring)

@: no status effects
A: negative energy resistance 1, electricity resistance, unbreathing,
petrification resistance, rot immunity, AC +4
a: Renounce Religion


You were on level 6 of the Dungeon.
You worshipped Fedhas.
Fedhas was aware of your devotion.
You were not hungry.

You visited 1 branch of the dungeon, and saw 6 of its levels.

You collected 144 gold pieces.

Inventory:

Hand Weapons
 a - a +0 war axe
 t - a +0 broad axe (weapon)
Missiles
 o - 4 boomerangs (quivered)
Armour
 b - a +0 scale mail
 c - a +0 kite shield (worn)
 r - a +2 pair of gloves (worn)
 s - a +0 chain mail (worn)
Jewellery
 H - an uncursed amulet of harm
Wands
 j - a wand of paralysis (5)
 l - a wand of flame (5)
Scrolls
 e - 2 scrolls of teleportation {unknown}
 g - a scroll of amnesia {unknown}
 h - a scroll of random uselessness {unknown}
 m - a scroll of immolation {unknown}
 n - 3 scrolls of identify {unknown}
 q - a scroll of fear {unknown}
Potions
 d - 2 potions of might
 i - a potion of berserk rage {unknown}
 k - 2 potions of curing
 p - a potion of stabbing {unknown}
Comestibles
 f - 8 rations
 u - 2 chunks of flesh


   Skills:
 - Level 3.2 Fighting
 + Level 5.9 Axes
 - Level 3.2 Armour
 - Level 3.2 Shields
 - Level 2.0 Evocations


You had one spell level left.
You knew the following spells:

 Your Spells              Type           Power        Failure   Level  Hunger
a - Apportation           Tloc           #.....       100%        1    ##.....
k - Animate Skeleton      Necr           N/A          100%        1    ##.....
l - Blink                 Tloc           N/A          100%        2    ###....

Your spell library contained the following spells:

 Spells                   Type           Power        Failure   Level  Hunger
 Corona                   Hex            #......      100%        1    ##.....
 Magic Dart               Conj           #...         100%        1    ##.....
 Summon Small Mammal      Summ           #...         100%        1    ##.....
 Call Imp                 Summ           #.......     100%        2    ###....
 Ensorcelled Hibernation  Hex/Ice        #.....       100%        2    ###....
 Slow                     Hex            #.......     100%        2    ###....
 Confusing Touch          Hex            #.......     100%        3    ####...
 Conjure Flame            Conj/Fire      #.......     100%        3    ####...
 Dazzling Flash           Conj/Hex       #.....       100%        3    ####...
 Mephitic Cloud           Conj/Pois/Air  #.......     100%        3    ####...
 Tukima's Dance           Hex            #.......     100%        3    ####...


Dungeon Overview and Level Annotations

Branches:
Dungeon (6/15)
 Temple: D:4-7

Altars:
Elyvilon
Fedhas
Qazlal
Xom

Shops:
D:4 :(

Annotations:
D:4 1 transporter
D:5 Duvessa


Innate Abilities, Weirdness & Mutations

You are resistant to torment.
Your stone body is resilient. (AC +4)
You are immune to poison.
You resist negative energy. (rN+)
You are resistant to electric shocks. (rElec)
You can survive without breathing.
You are immune to petrification.
You are immune to rotting.


Message History

Your chain mail prevents you from hitting the orc priest.
The orc priest is almost dead.
The orc priest hits you but does no damage. x2
You hit the orc priest but do no damage.
The orc priest is almost dead.
The orc priest invokes the aid of Beogh against you.
Beogh smites you!
* * * LOW HITPOINT WARNING * * *
You barely miss the orc priest.
The orc priest is almost dead.
The orc priest hits you but does no damage.
You closely miss the orc priest.
The orc priest is almost dead.
The orc priest hits you but does no damage.
You hit the orc priest.
The orc priest is almost dead.
The orc priest mumbles some strange prayers to Beogh against you.
Beogh smites you!
You die...
Fedhas appreciates your contribution to the ecosystem.

########### #.........#
#........(########
#.........##.).@.#
#.........#.)###o#
#[..........##..)#.#
#..........###..§§#≈#
####.######.#)..._.≈__#
.....# #......_.≈♣≈^.
<##### ###..^≈^≈^#.#.#
## ##_..§^.≈## # #
##...≈.##


You could see an orc priest.

Vanquished Creatures
  An ogre (D:4)
  Dowan (D:5)
  An orc priest (D:6)
  An orc wizard (D:4)
  A bullfrog skeleton (D:6)
  3 worker ants
  A hound skeleton (D:5)
  3 adders (D:2)
  A shadow imp (D:6)
  2 worms
  A dart slug (D:1)
  9 orcs
  4 giant cockroaches
  4 goblins
  2 hobgoblins (D:2)
  4 kobolds
  A quokka (D:4)
  2 bats
  2 frilled lizards
  A giant cockroach zombie (D:5)
  A quokka skeleton (D:4)
  2 rats
48 creatures vanquished.

Notes
Turn   | Place    | Note
-------+----------+-------------------------------------------
     0 | D:1      | ipx the Gargoyle Fighter began the quest for the Orb.
     0 | D:1      | Reached XP level 1. HP: 14/14 MP: 1/1
    21 | D:1      | Reached skill level 2 in Axes
    55 | D:2      | Reached XP level 2. HP: 16/19 MP: 2/2
   123 | D:2      | Found a stormy altar of Qazlal.
   150 | D:2      | Reached skill level 3 in Axes
   211 | D:2      | Reached XP level 3. HP: 3/23 MP: 3/3
   361 | D:3      | Found a blossoming altar of Fedhas.
   386 | D:3      | Became a worshipper of Fedhas Madash
   459 | D:3      | Reached XP level 4. HP: 22/28 MP: 4/4
   636 | D:4      | Found Meshoock's Book Shoppe.
   651 | D:4      | Found a transporter.
   658 | D:4      | Found Decun's Weapon Shop.
   708 | D:5      | Entered Level 5 of the Dungeon
   859 | D:4      | Noticed an ogre
   864 | D:4      | Killed an ogre
   864 | D:4      | Reached skill level 4 in Axes
   864 | D:4      | Reached XP level 5. HP: 32/32 MP: 4/6
   997 | D:5      | Reached XP level 6. HP: 34/37 MP: 7/7
  1009 | D:5      | Found a white marble altar of Elyvilon.
  1033 | D:5      | Reached skill level 5 in Axes
  1085 | D:5      | Noticed Duvessa
  1085 | D:5      | Noticed Dowan
  1098 | D:5      | Killed Dowan
  1181 | D:6      | Learned a level 1 spell: Apportation
  1183 | D:6      | Learned a level 1 spell: Animate Skeleton
  1186 | D:6      | Learned a level 2 spell: Blink
  1202 | D:6      | Found a shimmering altar of Xom.
  1202 | D:6      | Found a shimmering altar of Xom.
  1203 | D:6      | Found a shimmering altar of Xom.
  1203 | D:6      | Found a shimmering altar of Xom.
  1204 | D:6      | Found a shimmering altar of Xom.
  1214 | D:6      | Reached * piety under Fedhas
  1221 | D:6      | Killed from afar by an orc priest

Levels and vault maps discovered:
D:1:      roderic_crop_circles_arrival_small, layout_loops_ring,
          hangedman_decor_riveting, hangedman_glass_teeth,
          hangedman_abyss_or_decor_stabs, nrook_campfire
D:2:      layout_rooms, grunt_qazlal_sundering
D:3:      layout_loops_corners, lemuel_zombie_altar_yredelemnul,
          ebering_dispersal_statue_hall, fedhas_ov_isle_minmay
D:4:      gammafunk_wand_slinger, layout_loops_cross, first_ration,
          serial_shops, nicolae_shop_trees, nicolae_shop_behind_doors
D:5:      layout_basic, minmay_misc_feat_ornament, minivault_14,
          elyvilon_altar_5, uniq_duvessa
D:6:      layout_rooms, gammafunk_ghost_cemetery, xom_redecorated

Skill      XL: |  1  2  3  4  5  6 |
---------------+-------------------+-----
Axes           | 2 3 4 5 |  5.9
Evocations     | 2 |  2.0
Fighting       | |  3.2
Armour         | |  3.2
Shields        | |  3.2

Action                   |  1- 3 |  4- 6 || total
-------------------------+-------+-------++-------
Melee: War axe           |    95 |    85 ||   180
       Broad axe         |       |    27 ||    27
Throw: Boomerang         |       |     9 ||     9
Evoke: Wand              |     2 |    10 ||    12
  Use: Potion            |       |     1 ||     1
 Stab: Paralysed         |     7 |     3 ||    10
  Eat: Chunk             |       |     2 ||     2
Armor: Scale mail        |    50 |    10 ||    60
       Chain mail        |       |    64 ||    64
Dodge: Dodged            |    31 |    28 ||    59
Block: Kite shield       |    49 |    49 ||    98

Table legend:
 A = Non-vault XP
 B = Vault XP
 C = Vault XP percentage of total XP
 D = Non-vault monster count
 E = Vault monster count
 F = Vault count percentage of total count
                 A         B        C        D         E       F
            +---------+---------+-------+---------+---------+-------
      Total |     485 |      63 |  11.5 |      47 |       1 |   2.1
            +---------+---------+-------+---------+---------+-------
        D:1 |       8 |       0 |   0.0 |       4 |       0 |   0.0
        D:2 |      57 |       0 |   0.0 |      13 |       0 |   0.0
        D:3 |      28 |       0 |   0.0 |      11 |       0 |   0.0
        D:4 |     190 |       0 |   0.0 |       6 |       0 |   0.0
        D:5 |      97 |      63 |  39.4 |       6 |       1 |  14.3
        D:6 |     105 |       0 |   0.0 |       7 |       0 |   0.0
            +---------+---------+-------+---------+---------+-------
